[Event "German Bundesliga 2024-25"]
[Site "Germany"]
[Date "2025.01.12"]
[Round "6.14"]
[White "Lokander, Martin"]
[Black "Neef, Maximilian"]
[Result "1/2-1/2"]
[Annotator "TA"]
[ECO "C01"]
[WhiteElo "2467"]
[BlackElo "2469"]
[PlyCount "108"]
[EventDate "2024.09.27"]
[EventType "team-tourn"]
[EventCountry "GER"]
[SourceTitle "playchess.com"]
[Source "ChessBase"]
[SourceQuality "1"]
[WhiteTeam "Bayern Muenchen"]
[BlackTeam "TU Dresden"]
[TimeControl "40/5400+30:1800+30"]

1. e4 e6 2. d4 d5 3. exd5 exd5 4. Nf3 Bd6 5. Bd3 Nc6 6. O-O Nge7 7. Re1 Bg4 8. c3 Qd7 9. Nbd2 f6 10. Nf1 O-O-O 11. Ne3 Bh5 12. b4 Rde8 13. a4 Nd8 14. b5 Ne6 $1 15. Ba3 (15. Nf1 $11) 15... Bxa3 $1 $15 16. Rxa3 Ng5 (16... Nf4 $15) 17. Be2 $11 (17. Ne5 Qd6 18. Qxh5 Qxa3 19. Qg4+ Kb8 20. Nd7+ Ka8) 17... Nxf3+ 18. Bxf3 Bxf3 19. Qxf3 Nf5 $1 20. Nc2 (20. Qxf5 $2 Qxf5 21. a5 Rxe3 22. fxe3 Re8 $19) 20... Rxe1+ 21. Nxe1 Re8 22. Ra1 Qe6 {[%emt 0:05:36] [#] ( -> ...Qxe1+)} 23. Nd3 Qe4 24. Qxe4 dxe4 {[%emt 0:02:48][%mdl 4096] Endgame. KRN-KRN} 25. Nb4 Nd6 26. Kf1 f5 27. g3 g5 28. Ke2 Re6 29. h4 gxh4 30. gxh4 Rg6 {[%emt 0:00:07] Wards off Rg1} 31. h5 Rg4 32. Nd5 f4 {[%emt 0:05:33] [#] And now ...f3+ would win.} 33. Nf6 f3+ 34. Kd2 Rf4 35. Nd5 Nc4+ 36. Kc2 Rh4 {[%emt 0:00:59][%cal Oh4h2] White must now prevent ...Rh2!} 37. Rg1 c6 (37... Rxh5 $2 38. Rg8+ Kd7 39. Nf6+ Ke7 40. Nxh5 $18) 38. bxc6 bxc6 39. Nf6 Rf4 (39... Kd8 $5 40. Rg4 Ne3+ (40... Rxg4 41. Nxg4 a5 42. Kb3 $11) 41. fxe3 f2 42. Rxh4 (42. Rg8+ $2 Ke7 $19) 42... f1=Q (42... f1=R $2 43. Nxh7 Ke7 44. h6 $18) 43. Nxe4 Qc4 $11) 40. Nxh7 {[%emt 0:01:01] The position is equal.} e3 41. Kd3 ({Don't go for} 41. Rg8+ $2 Kd7 42. Rg7+ Kd6 43. Rg6+ Kc7 44. Rg7+ Kb6 $19) 41... exf2 42. Rf1 Nb2+ 43. Ke3 Rf5 (43... Rf7 $5 44. Ng5 $8 Rf5 $11) 44. h6 Rh5 45. Nf6 Rxh6 46. Ne4 Nxa4 47. Rxf2 Rh3 48. Rxf3 Rxf3+ 49. Kxf3 {[%emt 0:00:00] KN-KN} Nb2 50. Ke3 Kc7 51. Kd2 Kb6 52. Nd6 Kc7 53. Ne4 Kb6 54. Nd6 Kc7 {[%emt 0:00:06] Weighted Error Value: White=0.07 (flawless) /Black=0.05 (flawless) .  Mistake:       	White=1     	Black=1      Inaccurate:     	White=3     	Black=1      OK:         	White=14    	Black=23     Best:        	White=2     	Black=1      Strong:       	---       	Black=3} 1/2-1/2

[Event "German Bundesliga 2024-25"]
[Site "Germany"]
[Date "2025.01.12"]
[Round "6.15"]
[White "Nielsen, Peter Heine"]
[Black "Gustafsson, Jan"]
[Result "1/2-1/2"]
[Annotator "TA"]
[ECO "D27"]
[WhiteElo "2618"]
[BlackElo "2598"]
[PlyCount "41"]
[EventDate "2024.09.27"]
[EventType "team-tourn"]
[EventCountry "GER"]
[SourceTitle "playchess.com"]
[Source "ChessBase"]
[SourceQuality "1"]
[WhiteTeam "St. Pauli"]
[BlackTeam "Duesseldorf"]
[TimeControl "40/5400+30:1800+30"]

1. d4 d5 2. c4 dxc4 3. Nf3 Nf6 4. e3 e6 5. Bxc4 c5 6. O-O a6 7. dxc5 Bxc5 8. Qxd8+ Kxd8 9. Nbd2 Ke7 10. Be2 Nbd7 11. b3 b6 12. Bb2 Bb7 13. Ne1 b5 14. a4 Bb4 15. Ndf3 {[%emt 0:24:01] White is slightly better.} bxa4 16. Nd3 a5 17. Rxa4 Bc6 {[%emt 0:09:45] The position is equal.} 18. Raa1 Bd5 19. Nd4 Rhc8 20. Rfc1 Ne4 21. Nf4 {[%emt 0:07:09] Weighted Error Value: White=0.04 (flawless) /Black=0.05 (flawless) .  OK:         	White=3     	Black=3} 1/2-1/2

[Event "German Bundesliga 2024-25"]
[Site "Germany"]
[Date "2025.01.12"]
[Round "6.15"]
[White "Boensch, Uwe"]
[Black "Girel, Joseph"]
[Result "1-0"]
[Annotator "TA"]
[ECO "E12"]
[WhiteElo "2464"]
[BlackElo "2486"]
[PlyCount "67"]
[EventDate "2024.09.27"]
[EventType "team-tourn"]
[EventCountry "GER"]
[SourceTitle "playchess.com"]
[Source "ChessBase"]
[SourceQuality "1"]
[WhiteTeam "TU Dresden"]
[BlackTeam "Bayern Muenchen"]
[TimeControl "40/5400+30:1800+30"]

1. d4 Nf6 2. c4 e6 3. Nf3 b6 4. a3 Bb7 5. Nc3 Ne4 6. Nxe4 Bxe4 7. Nd2 Bg6 8. e3 Be7 9. Be2 O-O 10. O-O d5 11. b4 c6 12. Bb2 Nd7 13. cxd5 cxd5 14. Ba6 Bd6 15. Qe2 Qe7 16. Rfc1 Nb8 17. Bd3 a5 18. b5 a4 19. Bxg6 hxg6 20. e4 dxe4 21. Nxe4 Bf4 {[%emt 0:00:56] Repels h4} (21... Ra7 $14) 22. Rc2 Ra7 23. g3 Bd6 24. d5 exd5 25. Nxd6 Qxd6 26. Rd1 {[%emt 0:00:30] Black is weak on the dark squares} Qe6 27. Qd2 Rd8 28. Re1 {[%emt 0:00:31] Inhibits d4.} Qg4 {[%emt 0:03:44] [#]} 29. h3 $1 $40 {[%emt 0:07:11][%mdl 640] White goes for the king.} Qxh3 (29... Qd7 30. Bd4) 30. Qd4 {[%emt 0:00:01][%csl Gb2,LRb6,LRg7][%cal Rd4g7] Active counter play!} Qh6 $2 (30... f6 $16) 31. Rce2 {[%emt 0:03:56] and Re8+ should not be overlooked} Rad7 32. Re8+ Kh7 33. Rxd8 Rxd8 34. Kg2 ({Not} 34. Qxa4 Nd7 $18) (34. Qxb6 Qd2 35. Kf1 Rc8 $18) 1-0

[Event "German Bundesliga 2024-25"]
[Site "Germany"]
[Date "2025.01.12"]
[Round "6.16"]
[White "Bologan, Victor"]
[Black "Krause, Benedict"]
[Result "1/2-1/2"]
[Annotator "TA"]
[ECO "B45"]
[WhiteElo "2600"]
[BlackElo "2414"]
[PlyCount "107"]
[EventDate "2024.09.27"]
[EventType "team-tourn"]
[EventCountry "GER"]
[SourceTitle "playchess.com"]
[Source "ChessBase"]
[SourceQuality "1"]
[WhiteTeam "Duesseldorf"]
[BlackTeam "St. Pauli"]
[TimeControl "40/5400+30:1800+30"]

1. e4 c5 2. Nf3 e6 3. d4 cxd4 4. Nxd4 Nf6 5. Nc3 Nc6 6. Ndb5 Bb4 7. a3 Bxc3+ 8. Nxc3 d5 9. Bd3 dxe4 10. Nxe4 Nxe4 11. Bxe4 Qxd1+ 12. Kxd1 e5 13. Bd2 Be6 14. Re1 f6 15. f4 O-O-O 16. Bxc6 bxc6 17. fxe5 fxe5 18. Kc1 Rd5 19. b3 Rf8 20. Be3 {[%emt 0:00:21] Inhibits Rf2.} Kb7 21. Kb2 Rf7 22. h3 Bf5 23. Re2 Bg6 24. a4 a5 25. Bd2 Kb6 26. Rg1 h5 27. Be3+ Kb7 28. Ree1 e4 29. Ref1 Rxf1 30. Rxf1 $14 {[%emt 0:00:06][%mdl 4096] Endgame KRB-KRB} Rf5 31. Rd1 {[%emt 0:01:29] White is more active.} Rd5 32. Rxd5 cxd5 {[%emt 0:00:12] KB-KB} 33. Kc3 h4 34. Kd2 d4 35. Bxd4 {[%emt 0:02:55][%cal Od2e3] aiming for Ke3!.} e3+ 36. Kxe3 Bxc2 37. Bxg7 Bxb3 38. Bf6 Kc6 ({Better is} 38... Bxa4 39. Bxh4 Bc6) 39. Bxh4 $16 Kd5 40. Kf4 Ke6 41. g4 Kf7 42. Kg5 Kg7 43. Be1 Bxa4 44. Bxa5 Bd7 45. Bc3+ Kh7 46. h4 Bc8 47. h5 Bd7 48. Kf4 Bb5 49. Kf5 Be2 50. Kg5 Bd1 51. Kh4 Ba4 52. g5 {[%emt 0:00:00] White threatens g6+ and mate.} Be8 53. Kg4 Bf7 54. Kh4 (54. Be5 $16) 1/2-1/2

[Event "German Bundesliga 2024-25"]
[Site "Germany"]
[Date "2025.01.12"]
[Round "6.16"]
[White "Bischoff, Klaus"]
[Black "Tischbierek, Raj"]
[Result "1/2-1/2"]
[Annotator "TA"]
[ECO "D16"]
[WhiteElo "2433"]
[BlackElo "2432"]
[PlyCount "41"]
[EventDate "2024.09.27"]
[EventType "team-tourn"]
[EventCountry "GER"]
[SourceTitle "playchess.com"]
[Source "ChessBase"]
[SourceQuality "1"]
[WhiteTeam "Bayern Muenchen"]
[BlackTeam "TU Dresden"]
[TimeControl "40/5400+30:1800+30"]

1. d4 d5 2. c4 c6 3. Nf3 Nf6 4. Nc3 dxc4 5. a4 Bg4 6. Ne5 Bh5 7. f3 Nfd7 8. Nxc4 e5 9. e4 Qh4+ 10. g3 Qf6 $1 11. g4 (11. dxe5 $1 $14 Qxf3 12. Nd6+ Ke7 (12... Bxd6 13. Qxd6 Qxh1 14. Bg5 $16) 13. Bg5+ (13. Nxb7 Qxd1+ 14. Nxd1 Bf3 $15) 13... f6 14. exf6+ gxf6 15. Bf4 (15. Qxf3 $2 Bxf3 16. Bf4 Bxh1 $19)) 11... exd4 $17 12. Nb1 (12. gxh5 $17 {was called for.} dxc3 13. bxc3) 12... Qh4+ 13. Ke2 Bg6 14. Bf4 h5 15. Bg3 Qf6 {[%emt 0:00:35] White must now prevent ...hxg4.} 16. g5 Qxg5 (16... Qe6 17. Qxd4 Bc5) 17. Qxd4 Qf6 (17... h4 $15 18. Bd6 Nc5) 18. Qxf6 $11 Nxf6 19. Bh3 (19. Nd6+ $14 Bxd6 20. Bxd6) 19... Nbd7 ({Black should play} 19... Na6 $11) 20. Nd6+ $14 Bxd6 21. Bxd6 1/2-1/2